 Dungeon Crawl Stone Soup version 0.19-a0-1895-g783e625 (webtiles) character file.

109 Alarkh the Caller (level 4, 0/30 HPs)
             Began as a Mummy Summoner on Oct 18, 2016.
             Slain by Natasha (2 damage)
             ... on level 2 of the Dungeon.
             The game lasted 00:05:50 (2903 turns).

Alarkh the Caller (Mummy Summoner)                  Turns: 2903, Time: 00:05:51

Health: 0/30       AC:  3    Str: 11    XL:     4   Next: 60%
Magic:  1/9        EV: 12    Int: 15    God:
Gold:   94         SH:  0    Dex: 12    Spells: 3 memorised, 2 levels left

rFire  x . .     SeeInvis .     a - +0 trident
rCold  + . .     Gourm    .     i - +0 robe
rNeg   + + +     Faith    .     (no shield)
rPois  ∞         Spirit   .     j - +0 helmet
rElec  .         Reflect  .     (no cloak)
rCorr  .         Harm     .     (no gloves)
MR     +....                    (no boots)
Stlth  ++........               (no amulet)
                                (no ring)
                                f - ring of protection from magic

@: very slightly contaminated
A: no food or potions, fire vulnerability, cold resistance 1, negative energy
resistance 3, torment resistance, unbreathing
a: no special abilities


You were on level 2 of the Dungeon.
You were not hungry.

You visited 1 branch of the dungeon, and saw 2 of its levels.

You collected 94 gold pieces.

Inventory:

Hand Weapons
 a - a +0 trident (weapon)
 d - a +0 dagger
Armour
 i - a +0 robe (worn)
 j - a +0 helmet (worn)
Jewellery
 f - a ring of protection from magic (left hand)
Scrolls
 c - a scroll of enchant weapon
 e - 5 scrolls of identify
 g - a scroll of remove curse
 h - a scroll of magic mapping
Books
 b - a book of Callings

   Spells                             Type                      Level
   a - Summon Small Mammal            Summoning                    1
   b - Call Imp                       Summoning                    2
   c - Call Canine Familiar           Summoning                    3
   d - Summon Guardian Golem          Hexes/Summoning              3
   e - Summon Lightning Spire         Summoning/Air                4
   f - Summon Ice Beast               Ice/Summoning                4


   Skills:
 - Level 1.5 Dodging
 - Level 1.5 Stealth
 + Level 3.3 Spellcasting
 + Level 4.2 Summonings


You had 2 spell levels left.
You knew the following spells:

 Your Spells              Type           Power        Failure   Level  Hunger
a - Call Canine Familiar  Summ           ###.....     12%         3    N/A
b - Summon Small Mammal   Summ           ###.         3%          1    N/A
c - Summon Guardian Gole  Hex/Summ       #.......     30%         3    N/A

Dungeon Overview and Level Annotations

Branches:
Dungeon (2/15)

Altars:

Annotations:
D:2 Natasha


Innate Abilities, Weirdness & Mutations

You do not eat or drink.
Your flesh is vulnerable to fire.
You are immune to poison.
Your flesh is cold resistant. (rC+)
You are immune to negative energy. (rN+++)
You are immune to unholy pain and torment.
You can survive without breathing.


Message History

Natasha is lightly wounded.
Natasha stares at you and mumbles some strange words.
The magic dart hits you! Natasha claws you!
Natasha zaps a wand.
The puff of flame hits you! The fire burns you terribly!
* * * LOW HITPOINT WARNING * * *
Your hound closely misses the crimson imp.
You climb upwards.
The crimson imp disappears in a puff of smoke!
There is a stone staircase leading down here.
Okay, then.
Natasha zaps a wand.
The puff of flame misses you.
You climb downwards.
Your hound disappears in a puff of smoke!
There is a stone staircase leading up here.
Casting: Call Canine Familiar
Confirm with . or Enter, or press ? or * to list all spells.
You miscast Call Canine Familiar.
You hear strange voices.
Natasha claws you.
You die...

#.# ... #. #.# ### ##.#
#.# ####...## #.#
........# #.#
#...≈≈≈≈....########.#
#..≈≈≈≈≈≈..........#.#
#..≈≈≈≈≈≈[..######.#.###
...≈≈≈≈≈..@h....).....#
#.≈≈≈≈..##.#####.....#
#.......##.# #.....#
#.#.#.##h.##.# #....[#
#.....h#..##.# #....)#
#.#.##.#..##.### #...###
#)##)#......<# #..)#
#..........#.# #...#
####.#.#####.# #.#.#


You could see Natasha.

Vanquished Creatures
  An adder (D:2)
  4 bats
  A giant cockroach (D:2)
  3 goblins (D:2)
  2 hobgoblins
  2 jackals
  A kobold (D:2)
  4 frilled lizards (D:2)
  4 rats
22 creatures vanquished.

Vanquished Creatures (collateral kills)
  Natasha (D:2)
  Robin (D:2)
  A gnoll (D:2)
  3 adders (D:2)
  An ooze (D:1)
  3 worms (D:2)
  2 dart slugs (D:1)
  3 leopard geckos
  4 bats
  A giant cockroach (D:2)
  6 goblins
  5 hobgoblins
  3 jackals
  4 kobolds
  3 frilled lizards (D:2)
  2 rats
43 creatures vanquished.

Grand Total: 65 creatures vanquished

Notes
Turn   | Place    | Note
-------+----------+-------------------------------------------
     0 | D:1      | Alarkh the Mummy Summoner began the quest for the Orb.
     0 | D:1      | Reached XP level 1. HP: 13/13 MP: 3/3
   504 | D:1      | Reached XP level 2. HP: 16/19 MP: 0/5
  1584 | D:2      | Reached XP level 3. HP: 16/24 MP: 1/7
  1589 | D:2      | Learned a level 3 spell: Call Canine Familiar
  1913 | D:2      | Noticed Natasha
  2047 | D:1      | Learned a level 3 spell: Summon Guardian Golem
  2189 | D:2      | Reached skill level 4 in Summonings
  2270 | D:2      | Reached XP level 4. HP: 24/30 MP: 0/8
  2535 | D:2      | Noticed Robin
  2614 | D:2      | Killed Robin
  2659 | D:2      | Killed Natasha
  2698 | D:2      | Noticed Natasha
  2899 | D:2      | HP: 1/30 [Natasha/wand of flame (9)]
  2903 | D:2      | Slain by Natasha

Vault maps used:
D:1:      saegor_arrival_simple_d
D:2:      minmay_lizard_pond, uniq_natasha, uniq_robin, uniq_crazy_yiuf_cottage

Skill      XL: |  1  2  3 |
---------------+----------+-----
Spellcasting   | 3 |  3.3
Summonings     | 4 |  4.2
Dodging        | |  1.5
Stealth        | |  1.5

Action                   |  1- 3 |  4- 6 || total
-------------------------+-------+-------++-------
Melee: Dagger            |   114 |    21 ||   135
       Unarmed           |     3 |       ||     3
       Trident           |       |     4 ||     4
 Cast: Summon Small Mamm |    52 |     3 ||    55
       Call Canine Famil |    12 |     9 ||    21
  Use: Scroll            |     3 |       ||     3
 Stab: Sleeping          |     3 |       ||     3
       Distracted        |     1 |       ||     1
Armor: Robe              |    50 |     5 ||    55
Dodge: Dodged            |   165 |    19 ||   184
